 Dungeon Crawl Stone Soup version 0.17.0-23-g0de4337 (webtiles) character file.

503022 hannobal the Eclecticist (level 25, -7/174 HPs)
             Began as an Octopode Wizard on Nov 8, 2015.
             Was the Champion of Vehumet.
             Killed from afar by a deep elf death mage (20 damage)
             ... with a bolt of negative energy
             ... on level 5 of the Vaults on Nov 14, 2015.
             The game lasted 09:47:09 (96804 turns).

hannobal the Eclecticist (Octopode Wizard)         Turns: 96804, Time: 09:47:09

Health: -7/174     AC: 12    Str:  8    XL:     25   Next: 25%
Magic:  11/53      EV: 24    Int: 29    God:    Vehumet [******]
Gold:   1032       SH: 14    Dex: 12    Spells: 13 memorised, 4 levels left

rFire  + . .     SeeInvis +     w - +9 Staff of Wucad Mu {channel}
rCold  + . .     Clarity  .     z - +2 shield {AC+3}
rNeg   + . .     SustAt   +     I - +2 hat {SInv}
rPois  .         Gourm    .     R - amulet of regeneration
rElec  .         Spirit   .     e - ring of magical power
rCorr  .         Warding  .     u - ring of protection from magic
rMut   .         Stasis   .     B - ring of wizardry
MR     ++...                    A - +2 ring of evasion
Stlth  ++++++....               k - +2 ring of evasion
                                j - ring of positive energy
                                c - ring of protection from fire
                                V - ring of sustain attributes

@: stone skin, very slightly contaminated, hasted and slowed, repel missiles,
drained, very resistant to hostile enchantments, very stealthy
A: almost no armour, amphibious, 8 rings, constrict 8, molten scales 1,
camouflage 1, cold resistance 1, screaming 1, gelatinous body 1
a: Renounce Religion
}: 2/15 runes: barnacled, gossamer


You were on level 5 of the Vaults.
You worshipped Vehumet.
Vehumet was exalted by your worship.
You were not hungry.

You visited 10 branches of the dungeon, and saw 55 of its levels.
You also visited: Labyrinth and Ice Cave.

You collected 5507 gold pieces.
You spent 4475 gold pieces at shops.

Inventory:

Hand Weapons
 a - a +9 demon trident of freezing
 b - the +6 short sword of the Unspeakable One {pierce, Int+4}
   (You found it on level 2 of the Depths)

   It inflicts extra damage upon your enemies.
   It affects your intelligence (+4).
 w - the +9 Staff of Wucad Mu (weapon) {channel}
   (You took it off a siren on level 4 of the Shoals)
Missiles
 g - a bolt
Armour
 z - a +2 shield of protection (worn)
 I - a +2 hat of see invisible (worn)
Jewellery
 c - a ring of protection from fire (on tentacle)
 e - a ring of magical power (left tentacle)
 j - a ring of positive energy (on tentacle)
 k - a +2 ring of evasion (on tentacle)
 s - an uncursed ring of wizardry
 u - a ring of protection from magic (right tentacle)
 A - a +2 ring of evasion (on tentacle)
 B - a ring of wizardry (on tentacle)
 C - an uncursed amulet of clarity
 K - an uncursed amulet of resist corrosion
 L - an uncursed ring of poison resistance
 M - an uncursed amulet of resist mutation
 R - an amulet of regeneration (around mantle)
 T - an uncursed ring of teleportation
 V - a ring of sustain attributes (on tentacle)
Wands
 h - a wand of hasting (4)
 q - a wand of invisibility (1)
 W - a wand of disintegration (12)
Scrolls
 f - a scroll of amnesia
 i - 22 scrolls of identify
 p - 3 scrolls of fear
 r - 12 scrolls of remove curse
 N - 5 scrolls of fog
 P - 5 scrolls of magic mapping
 X - 5 scrolls of recharging
Potions
 l - 9 potions of curing
 n - 2 potions of might
 v - 2 potions of resistance
 J - 5 potions of cancellation
 S - 2 potions of haste
 Y - 6 potions of agility
Miscellaneous
 d - a lamp of fire
 m - a fan of gales
 o - a phial of floods
 y - a legendary deck of summoning {the Illusion}
 Q - 2 phantom mirrors
Comestibles
 t - 3 chunks of flesh
 D - 10 meat rations


   Skills:
 - Level 15.0(14.3) Fighting
 - Level 1.0(0.5) Short Blades
 - Level 14.0(13.3) Polearms
 - Level 2.0(1.5) Throwing
 + Level 16.0(15.3) Dodging
 - Level 10.1(9.5) Stealth
 - Level 15.0(14.3) Shields
 - Level 17.0(16.3) Spellcasting
 - Level 12.0(11.4) Conjurations
 - Level 11.0(10.4) Charms
   Level 1.0(0.5) Summonings
   Level 2.0(1.5) Necromancy
 - Level 1.0(0.5) Translocations
 - Level 8.0(7.4) Transmutations
 - Level 3.1(2.6) Fire Magic
 - Level 10.0(9.4) Ice Magic
 - Level 3.3(2.8) Air Magic
 - Level 11.0(10.4) Earth Magic
 - Level 2.2(1.7) Poison Magic
 - Level 15.0(14.3) Evocations


You had 4 spell levels left.
You knew the following spells:

 Your Spells              Type           Power        Failure   Level  Hunger
a - Apportation           Tloc           ####......   1%          1    None
b - Blink                 Tloc           N/A          1%          2    None
c - Conjure Flame         Conj/Fire      ######..     1%          3    None
d - Venom Bolt            Conj/Pois      ######....   1%          5    None
e - Freezing Cloud        Conj/Ice/Air   ######....   2%          6    ###....
f - Sticky Flame          Conj/Fire      ######..     1%          4    None
g - Stoneskin             Trmt/Erth      ######..     1%          2    None
h - Haste                 Chrm           ######..     1%          6    ###....
i - Iron Shot             Conj/Erth      ######....   1%          6    ###....
o - Orb of Destruction    Conj           ######....   2%          7    #####..
r - Repel Missiles        Chrm/Air       ######       1%          2    None
s - Statue Form           Trmt/Erth      ######...    4%          6    ###....
z - Iskenderun's Mystic   Conj           ######..     1%          4    None


Dungeon Overview and Level Annotations

Branches:
Dungeon (15/15)            Temple (1/1) D:7            Lair (8/8) D:11
 Shoals (4/4) Lair:3       Spider (4/4) Lair:6        Slime (6/6) Lair:6
    Orc (4/4) D:9             Elf (3/3) Orc:3        Vaults (5/5) D:13
  Crypt (0/3) Vaults:3     Depths (5/5) D:15            Zot (0/5) Depths:5

Altars:
Ashenzari
Cheibriados
Dithmenos
Fedhas
Gozag
Kikubaaqudgha
Makhleb
Okawaru
Vehumet
Xom
Zin
The Shining One
Beogh
Jiyva

Shops:
D:14 }:   D:15 =   Orc:4 =!**   Shoals:1 (   Shoals:4 [   Vaults:2 (::=
Vaults:3 %   Depths:2 (

Portals:
Hell: Depths:1 Depths:2 Depths:3 Depths:4 Depths:5
Abyss: Depths:4
Pandemonium: Depths:1 Depths:2 Depths:3
Ziggurat: Depths:1
Trove: Depths:2 (give +6 demon whip)

Annotations:
Elf:2 3 runed doors, exclusion: 6 doors
Elf:3 1 exclusion
Depths:1 exclusion: downstairs
Depths:3 exclusion: upstairs


Innate Abilities, Weirdness & Mutations

You cannot wear most types of armour.
You are amphibious.
You can wear up to eight rings at the same time.
You can use your tentacles to constrict eight enemies at once.
Your skin changes colour to match your surroundings (Stealth).
Your rubbery body absorbs attacks (AC +1).
You are partially covered in molten scales (AC +1).
Your flesh is cold resistant.
You occasionally shout uncontrollably at your foes.


Message History

The quicksilver dragon roars!
The deep elf death mage shouts!
A sea snake comes into view.
You shout at the sea snake!
You revert to your normal fleshy form.
You hear a shout! x2
You hear a roar!
The quicksilver dragon completely misses you.
The quicksilver dragon claws you but does no damage.
The quicksilver dragon misses you.
The quicksilver dragon claws you but does no damage.
Unknown command.
The sea snake completely misses you.
Unknown command.
The quicksilver dragon breathes dispelling energy at you.
You block the bolt of dispelling energy.
The sea snake completely misses you.
The deep elf death mage casts a spell at you.
The bolt of negative energy hits you! You partially resist.
You feel drained.
You die...

..)).#####******************,,,,*
.....o...,,,,,,,,,,,,,,,,,,,,,,,*
..§#§....,,,,,,,,,,,,,,,,,,,,*,,*
...#..#########,,,*********,,*,,*
"..#,.#):.....#,,,*,,,,,,,*,,*,,*
...#,,#./.....#,,,*,,,,.,,*,,*,,*
...#,,#[......#,,,*,,...,,*,,*,,*
,,,*,,#......C#####.....,,*,,*,,*
,,,*,,#.......e.@.......,,*,,*,,*
,,,*,,########DS...#####***,,*,,*
,,,*,,,,,,,,,#.....#,,,,,,,,,*,,*
,,,*,,,,,,,,,#.....#,,,,,,,,,*,,*
,,,*,,,,,,,,,#.....#,,,,,,,,,*,,*
,,,*,,*******#.....#*******,,*,,*
,,,*,,*,,,,,,.......,,,,,,*,,*,,*
,,,*,,*,,,,,..##.##..,,,,,*,,*,,*
,,,*,,*,,,,,,,*,,,*,,,,,,,*,,*,,*


You could see a titan, a quicksilver dragon, a deep elf death mage and a sea
snake.

Vanquished Creatures
  An ancient lich (Vaults:5)
  Sojobo (Depths:4)
  Boris (Depths:3)
  Frederick (Depths:4)
  A caustic shrike (Depths:2)
  2 golden dragons (Depths:4)
  Xtahua (Depths:4)
  2 liches
  Jorgrun (Vaults:2)
  3 tentacled monstrosities
  Asterion (Vaults:3)
  4 acid blobs
  5 titans
  4 sphinxes
  A shadow dragon (Vaults:3)
  An octopode crusher (Shoals:1)
  2 storm dragons
  Kirke (D:15)
  7 tengu reavers
  Ilsuiw (Shoals:4)
  15 fire giants
  2 deep elf sorcerers
  Donald (Vaults:3)
  3 frost giants
  2 azure jellies
  3 ghost moths
  A draconian knight (Depths:4)
  An orc warlord (Vaults:5)
  7 vault wardens
  2 draconian scorchers (Depths:4)
  A draconian zealot (Depths:4)
  The ghost of emiel the Impaler, a journeyman MfNe of Cheibriados (Spider:2)
  5 emperor scorpions (Spider:4)
  The ghost of puimuR the Severer, a journeyman DsBe of Trog (Shoals:4)
  2 cacodemons
  12 very ugly things
  17 ironheart preservers
  The ghost of dorian the Fighter, a journeyman OgHu of Trog (D:14)
  The ghost of puimuR the Severer, a journeyman DsBe of Trog (Spider:4)
  12 stone giants
  2 draconian callers (Depths:5)
  A deep elf demonologist (Depths:2)
  A deep elf annihilator (Vaults:5)
  A white draconian (Depths:5)
  A mottled draconian (Depths:5)
  A dire elephant (Lair:8)
  A salamander stormcaller (Vaults:2)
  A purple draconian (Depths:5)
  2 red draconians (Depths:5)
  4 deep elf death magi
  14 ettins
  10 merfolk impalers
  A crystal guardian (Vaults:4)
  7 merfolk javelineers
  30 vault guards
  2 deep elf high priests
  A death ooze (Slime:2)
  Josephine (Lair:7)
  A minotaur (Lab)
  9 fire dragons
  Erolcha (D:8)
  15 great orbs of eyes
  11 yaktaur captains
  Fannar (Orc:1)
  9 rakshasas
  Harold (Orc:2)
  10 ice dragons
  11 entropy weavers
  4 centaur warriors
  7 spriggan air magi
  14 hydras
  A merfolk aquamancer (Shoals:4)
  5 merfolk avatars (Shoals:4)
  4 catoblepae
  2 alligator snapping turtles
  12 ogre magi
  A satyr (Shoals:4)
  5 dancing weapons
  4 tengu warriors
  A vampire mage (Depths:3)
  6 spriggan berserkers
  9 deep troll shamans
  7 deep troll earth magi
  3 orc high priests (Orc:4)
  19 death yaks
  Urug (Lair:1)
  A hell hog (Depths:1)
  11 hell knights
  Sonja (D:15)
  Nergalle (Lair:1)
  A small abomination (Vaults:1)
  A sun demon (Depths:2)
  3 shadow wraiths (Vaults:4)
  3 unseen horrors
  12 deep elf knights
  2 salamander mystics (Depths:4)
  3 iron trolls
  11 sea snakes
  An ice devil (Depths:1)
  An infernal demonspawn (Depths:2)
  2 death drakes (Depths:4)
  A shadow demon (Depths:2)
  8 deep elf summoners
  A quicksilver dragon simulacrum (Depths:1)
  32 deep trolls
  6 necromancers
  3 flayed ghosts
  13 hill giants
  An obsidian statue (D:7)
  4 lindwurms (Depths:4)
  2 giant orange brains
  A gelid demonspawn (Depths:3)
  14 orb spiders
  4 wizards
  20 deep elf conjurers
  The ghost of emiel the Chiller, a novice HOIE of Ashenzari (D:8)
  12 ironbrand convokers
  4 orc sorcerers
  18 orc knights
  11 harpies
  39 ugly things
  15 manticores
  2 water nymphs (shapeshifter)
  6 fauns
  6 hornets
  An oklob plant (Depths:4)
  6 water nymphs (Shoals:4)
  3 sixfirhies
  A hornet (shapeshifter) (Depths:4)
  45 slime creatures
  A cyclops (shapeshifter) (Vaults:4)
  26 wolf spiders
  20 elephants
  11 griffons
  A moth of wrath (Spider:3)
  6 salamanders (Depths:4)
  2 stone giant skeletons (Depths:1)
  A naga mage (D:15)
  9 sirens
  A frost giant skeleton (Vaults:4)
  13 black mambas
  An eye of devastation (Slime:4)
  17 spiny frogs
  16 vault sentinels
  9 cyclopes
  3 ice statues (IceCv)
  Psyche (D:8)
  2 gargoyles
  2 torpor snails
  11 centaur skeletons
  8 komodo dragons
  4 fire drakes
  2 human zombies (Vaults:4)
  43 yaktaurs
  4 freezing wraiths
  A yaktaur (shapeshifter) (Depths:5)
  A hellwing (Depths:1)
  10 demonic crawlers
  A kobold demonologist (Vaults:1)
  37 merfolk
  An efreet (D:14)
  A tengu conjurer (Depths:1)
  2 jumping spiders (shapeshifter)
  A merfolk (shapeshifter) (Vaults:5)
  6 trolls
  14 deep elf priests
  A blue devil (Depths:3)
  3 polar bears
  19 jumping spiders
  3 wind drakes (Shoals:4)
  22 two-headed ogres
  A blink frog (shapeshifter) (Depths:3)
  8 boulder beetles
  A hornet zombie (D:14)
  2 flying skulls (D:12)
  8 snapping turtles
  27 blink frogs
  7 wraiths
  A trapdoor spider (shapeshifter) (Depths:3)
  2 air elementals (Depths:4)
  2 hill giant zombies (D:9)
  A hog (D:15)
  4 wyverns
  A vampire (D:12)
  A fire giant simulacrum (Vaults:5)
  61 redbacks
  20 tarantellas
  4 golden eyes (Slime:6)
  2 shadows (D:12)
  8 spriggans
  15 hippogriffs
  22 deep elf magi
  11 water elementals
  25 trapdoor spiders
  Grum (D:8)
  16 wolves
  2 soldier ants
  A chaos spawn (Depths:2)
  A steam dragon (Lair:4)
  84 yaks
  26 deep elf fighters
  2 mottled dragons
  Menkaure (D:5)
  5 basilisks
  2 neqoxecs
  8 wargs
  27 vampire mosquitoes
  A hornet simulacrum (D:14)
  4 hungry ghosts
  25 water moccasins
  14 porcupines
  4 black bears
  9 hell hounds (Depths:1)
  43 orc warriors
  2 black bears (shapeshifter)
  3 swamp drakes (Depths:4)
  4 sky beasts
  A spider (shapeshifter) (Vaults:3)
  18 spiders
  4 eyes of draining
  11 ice beasts
  8 necrophages
  5 boggarts
  7 wasps
  4 phantoms
  58 ogres
  A boggart (shapeshifter) (Depths:1)
  20 crocodiles
  19 centaurs
  4 big kobolds
  3 wyvern zombies
  35 giant frogs
  An ogre simulacrum (Vaults:1)
  3 scorpions
  A wyvern skeleton (D:8)
  37 killer bees
  A troll zombie (D:9)
  13 electric eels
  14 wights
  14 crimson imps
  7 hounds
  6 centaur zombies
  2 iron imps
  41 orc wizards
  30 orc priests
  4 giant frog zombies
  11 jellies
  8 giant frog skeletons
  15 iguanas
  6 quasits
  Terence (D:4)
  2 gnoll shamans
  16 worker ants
  An elf simulacrum (Vaults:4)
  12 sheep
  5 ogre zombies (D:9)
  10 gnolls
  53 river rats
  Natasha (D:2)
  9 shadow imps
  17 adders
  4 white imps
  2 ufetubi
  2 oozes
  3 worms
  12 giant geckos
  197 orcs
  2 giant cockroaches
  16 hobgoblins
  2 jackals (D:5)
  5 bats
  A giant gecko skeleton (D:4)
  7 giant newts
  15 goblins
  2 goblin skeletons (D:9)
  4 goblin zombies (D:9)
  A hobgoblin skeleton (D:9)
  5 hobgoblin zombies (D:9)
  21 kobolds
  2 orc skeletons (D:9)
  11 orc zombies (D:9)
  9 quokkas
  A quokka zombie (D:7)
  6 rats
  A crawling corpse (Vaults:1)
  A fire vortex (Lair:8)
  9 fungi
  13 plants
  2 tentacles (Shoals:1)
  2 tentacle segments (Shoals:1)
2473 creatures vanquished.

Vanquished Creatures (collateral kills)
  A golden dragon (Depths:4)
  A spriggan berserker (Depths:4)
  A demonic crawler (Spider:2)
  A queen bee (D:11)
  A spriggan (Depths:4)
  A wasp (Depths:4)
  Natasha (twice) (D:2)
  Robin (D:2)
9 creatures vanquished.

Vanquished Creatures (others)
  A draconian zealot (Depths:4)
  A fire dragon (Depths:5)
  A spriggan air mage (Depths:3)
  A two-headed ogre (Vaults:5)
  A tarantella (Depths:3)
  6 humans
  An orc priest (Vaults:3)
  3 bushes (Lair:8)
  59 fungi
  36 plants
  9 tentacles (Shoals:1)
  389 tentacle segments (Shoals:1)
508 creatures vanquished.

Grand Total: 2990 creatures vanquished

Notes
Turn   | Place    | Note
--------------------------------------------------------------
     0 | D:1      | hannobal the Octopode Wizard began the quest for the Orb.
     0 | D:1      | Reached XP level 1. HP: 11/11 MP: 4/4
   313 | D:1      | Reached XP level 2. HP: 17/17 MP: 3/6
   345 | D:1      | Learned a level 2 spell: Blink
   348 | D:1      | Learned a level 2 spell: Call Imp
   351 | D:1      | Learned a level 2 spell: Repel Missiles
   906 | D:1      | Reached skill level 1 in Air Magic
   915 | D:1      | Reached skill level 1 in Charms
   954 | D:1      | Found a snail-covered altar of Cheibriados.
  1081 | D:1      | Reached XP level 3. HP: 21/21 MP: 3/7
  1468 | D:2      | Noticed Robin
  2020 | D:2      | Gained mutation: You are partially covered in molten scales (AC +1). [potion of mutation]
  2020 | D:2      | Gained mutation: Your flesh is cold resistant. [potion of mutation]
  2020 | D:2      | Gained mutation: You occasionally shout uncontrollably at your foes. [potion of mutation]
  2090 | D:2      | Killed Robin
  2232 | D:2      | Reached skill level 1 in Fighting
  2232 | D:2      | Reached XP level 4. HP: 26/28 MP: 0/8
  2342 | D:2      | Found an ancient bone altar of Kikubaaqudgha.
  2343 | D:2      | Noticed a human
  2345 | D:2      | Killed a human
  2442 | D:2      | Noticed Natasha
  2451 | D:2      | Killed Natasha
  2638 | D:2      | Noticed Natasha
  2641 | D:2      | Killed Natasha
  2767 | D:2      | Noticed Natasha
  2769 | D:2      | Killed Natasha
  3042 | D:3      | Reached skill level 4 in Conjurations
  3042 | D:3      | Reached XP level 5. HP: 33/33 MP: 0/9
  3047 | D:3      | Learned a level 3 spell: Mephitic Cloud
  3393 | D:3      | Reached skill level 1 in Poison Magic
  3511 | D:3      | Noticed Terence
  3696 | D:3      | Reached skill level 1 in Evocations
  3898 | D:4      | Noticed an ogre
  4591 | D:4      | Found a radiant altar of Vehumet.
  4592 | D:4      | Found a burning altar of Makhleb.
  4593 | D:4      | Found an opulent altar of Gozag.
  4611 | D:4      | Found a glowing golden altar of the Shining One.
  4617 | D:4      | Killed an ogre
  4617 | D:4      | Reached XP level 6. HP: 38/38 MP: 10/10
  4618 | D:4      | Found a shadowy altar of Dithmenos.
  4623 | D:4      | Became a worshipper of Vehumet
  4807 | D:4      | Reached skill level 5 in Conjurations
  5276 | D:4      | Killed Terence
  5517 | D:4      | Noticed an ogre
  5523 | D:4      | Killed an ogre
  5523 | D:4      | Reached XP level 7. HP: 38/43 MP: 11/11
  5763 | D:4      | Reached skill level 5 in Stealth
  6142 | D:5      | Entered Level 5 of the Dungeon
  6149 | D:5      | Reached skill level 6 in Stealth
  6359 | D:5      | Found a shadowy altar of Dithmenos.
  6379 | D:5      | Noticed Menkaure
  6794 | D:5      | Learned a level 3 spell: Conjure Flame
  7075 | D:6      | Reached * piety under Vehumet
  7075 | D:6      | Offered knowledge of Sandblast by Vehumet.
  7075 | D:6      | Reached XP level 8. HP: 48/48 MP: 10/14
  7309 | D:6      | Reached skill level 5 in Spellcasting
  7499 | D:6      | Found a shattered altar of Ashenzari.
  8252 | D:6      | Reached skill level 7 in Spellcasting
  8635 | D:6      | Reached XP level 9. HP: 53/53 MP: 20/20
  8689 | D:7      | Found a blossoming altar of Fedhas.
  9108 | D:7      | Reached skill level 8 in Spellcasting
  9510 | D:7      | Found a staircase to the Ecumenical Temple.
  9592 | Temple   | Entered the Ecumenical Temple
  9806 | D:7      | Noticed an obsidian statue
  9908 | D:7      | Found a shimmering altar of Xom.
  9908 | D:7      | Found an iron altar of Okawaru.
 10028 | D:7      | Noticed a red devil
 10028 | D:7      | Noticed a red devil
 10441 | D:8      | Noticed Erolcha
 10483 | D:8      | Reached skill level 9 in Spellcasting
 10714 | D:7      | Reached ** piety under Vehumet
 10819 | D:7      | Offered knowledge of Throw Flame by Vehumet.
 10935 | D:8      | Killed Erolcha
 11077 | D:8      | Noticed Psyche
 11087 | D:8      | Killed Psyche
 11087 | D:8      | Reached XP level 10. HP: 58/63 MP: 20/23
 11173 | D:8      | Reached skill level 1 in Throwing
 11733 | D:8      | Noticed emiel's ghost (novice HOIE)
 11735 | D:8      | Noticed Grum
 12055 | D:8      | Killed Grum
 12406 | D:7      | HP: 3/62 [poisoned by emiel's ghost]
 12414 | D:7      | HP: 3/62 [poisoned by emiel's ghost]
 12764 | D:8      | Killed emiel's ghost
 12764 | D:8      | Reached skill level 10 in Spellcasting
 13013 | D:8      | Offered knowledge of Throw Frost by Vehumet.
 13019 | D:8      | Learned a level 2 spell: Throw Frost
 13252 | D:8      | Reached skill level 1 in Ice Magic
 13786 | D:7      | Noticed a sun demon
 14125 | D:7      | Reached *** piety under Vehumet
 14321 | D:9      | Reached XP level 11. HP: 69/69 MP: 20/25
 14558 | D:9      | Offered knowledge of Inner Flame by Vehumet.
 14611 | D:9      | Reached skill level 11 in Spellcasting
 14837 | D:9      | Found a glowing silver altar of Zin.
 15094 | D:9      | Reached **** piety under Vehumet
 15247 | D:9      | Offered knowledge of Iskenderun's Mystic Blast by Vehumet.
 15253 | D:9      | Learned a level 4 spell: Iskenderun's Mystic Blast
 15398 | D:9      | Found a staircase to the Orcish Mines.
 16698 | D:10     | Entered Level 10 of the Dungeon
 17001 | D:10     | Noticed a hill giant
 17028 | D:10     | Killed a hill giant
 17775 | D:10     | Reached skill level 1 in Polearms
 18957 | D:11     | Found a staircase to the Lair.
 19271 | D:11     | Noticed an unseen horror
 19279 | D:11     | Killed an unseen horror
 19279 | D:11     | Reached XP level 12. HP: 74/74 MP: 16/27
 20069 | D:11     | Reached skill level 12 in Spellcasting
 20126 | D:11     | Reached ***** piety under Vehumet
 20133 | D:11     | Offered knowledge of Sticky Flame by Vehumet.
 20139 | D:11     | Learned a level 4 spell: Sticky Flame
 20301 | D:11     | Reached skill level 5 in Fighting
 20684 | Lair:1   | Entered Level 1 of the Lair of Beasts
 21110 | Lair:1   | Noticed an eight-headed hydra
 21141 | Lair:1   | Killed an eight-headed hydra
 21951 | Lair:1   | Noticed Nergalle
 22060 | Lair:1   | Noticed a spectral orc warlord
 22060 | Lair:1   | Killed Nergalle
 22656 | Lair:1   | Noticed a four-headed hydra
 22698 | Lair:1   | Killed a four-headed hydra
 22698 | Lair:1   | Reached skill level 10 in Dodging
 23062 | Lair:1   | Noticed Urug
 23066 | Lair:1   | Killed Urug
 24259 | Lair:2   | Reached XP level 13. HP: 81/81 MP: 26/29
 24843 | Lair:3   | Reached skill level 10 in Conjurations
 25855 | Lair:3   | Found a staircase to the Shoals.
 26940 | Lair:4   | Offered knowledge of Bolt of Draining by Vehumet.
 26953 | Lair:4   | Learned a level 5 spell: Bolt of Draining
 26963 | Lair:4   | Reached skill level 13 in Spellcasting
 27599 | Lair:4   | Reached skill level 1 in Necromancy
 28304 | Lair:5   | Found a labyrinth entrance.
 28314 | Lab      | Entered a labyrinth
 28429 | Lab      | Noticed a minotaur
 28436 | Lab      | Killed a minotaur
 28521 | Lab      | Identified the Compendium of Fire and Attacks
 28590 | Lair:2   | Identified a +9 rod of the swarm (9/9) (You found it in a labyrinth)
 29199 | Lair:5   | Reached skill level 14 in Spellcasting
 29531 | Lair:5   | Reached XP level 14. HP: 46/88 MP: 24/32
 30030 | D:7      | Killed an obsidian statue
 30352 | D:5      | Killed Menkaure
 30721 | Lair:4   | Reached skill level 5 in Polearms
 31610 | Lair:4   | Reached skill level 10 in Stealth
 31845 | Lair:6   | Found a staircase to the Slime Pits.
 31845 | Lair:6   | Found a viscous altar of Jiyva.
 32255 | Lair:6   | Found a hole to the Spider Nest.
 32642 | Lair:5   | Offered knowledge of Bolt of Magma by Vehumet.
 35510 | Lair:7   | Noticed Josephine
 35721 | Lair:7   | Reached skill level 15 in Spellcasting
 36289 | Lair:7   | Reached XP level 15. HP: 92/92 MP: 11/34
 36926 | Lair:8   | Entered Level 8 of the Lair of Beasts
 37589 | Lair:7   | Killed Josephine
 37589 | Lair:7   | Reached skill level 16 in Spellcasting
 38471 | Lair:7   | Offered knowledge of Iron Shot by Vehumet.
 38479 | Lair:7   | Learned a level 6 spell: Iron Shot
 38648 | Lair:7   | Reached skill level 1 in Earth Magic
 40667 | Lair:6   | Noticed an azure jelly
 40863 | Lair:2   | Upgraded the game from 0.17.0-7-gfadd4cc to 0.17.0-9-g801d43b
 41163 | Orc:1    | Entered Level 1 of the Orcish Mines
 41522 | Orc:1    | Noticed Fannar
 41529 | Orc:1    | Killed Fannar
 42343 | Orc:2    | Offered knowledge of Spellforged Servitor by Vehumet.
 42874 | Orc:2    | Noticed Harold
 42954 | Orc:2    | Killed Harold
 42961 | Orc:2    | Found a roughly hewn altar of Beogh.
 43111 | Orc:3    | Found a staircase to the Elven Halls.
 43336 | Orc:3    | Reached skill level 5 in Ice Magic
 43700 | Orc:3    | Offered knowledge of Ozocubu's Refrigeration by Vehumet.
 44032 | Orc:4    | Entered Level 4 of the Orcish Mines
 44075 | Orc:4    | Found a frozen archway.
 44081 | IceCv    | Entered an ice cave
 44814 | Orc:4    | Found a roughly hewn altar of Beogh.
 45025 | Orc:4    | Reached XP level 16. HP: 66/105 MP: 6/36
 45956 | Orc:4    | Found Voraggeups's Assorted Antiques.
 45956 | Orc:4    | Found Mej Reo's Jewellery Emporium.
 45963 | Orc:4    | Found Awyczax's Distillery.
 45963 | Orc:4    | Found Ypreny's Assorted Antiques.
 45979 | Orc:4    | Bought an uncursed ring of poison resistance for 220 gold pieces
 45983 | Orc:4    | Bought a potion of curing for 48 gold pieces
 45983 | Orc:4    | Bought a potion of curing for 48 gold pieces
 45983 | Orc:4    | Bought a potion of curing for 48 gold pieces
 45983 | Orc:4    | Bought a potion of curing for 48 gold pieces
 45984 | Orc:4    | Bought a scroll of teleportation for 84 gold pieces
 45984 | Orc:4    | Bought a potion of heal wounds for 140 gold pieces
 45986 | Orc:4    | Bought a potion of heal wounds for 165 gold pieces
 45986 | Orc:4    | Bought a scroll of teleportation for 99 gold pieces
 45986 | Orc:4    | Bought a potion of curing for 99 gold pieces
 45988 | Orc:4    | Bought a scroll of identify for 56 gold pieces
 45988 | Orc:4    | Bought a paperback book for 420 gold pieces
 46116 | D:10     | Offered knowledge of Orb of Destruction by Vehumet.
 46125 | D:10     | Learned a level 7 spell: Orb of Destruction
 46231 | Lair:2   | Learned a level 6 spell: Freezing Cloud
 49196 | D:13     | Upgraded the game from 0.17.0-9-g801d43b to 0.17.0-15-g6d90897
 49520 | D:13     | Found a gate to the Vaults.
 49917 | D:13     | Reached skill level 10 in Ice Magic
 51865 | D:14     | Found Warphymyl's Gadget Shoppe.
 51873 | D:14     | Bought a lamp of fire for 400 gold pieces
 51873 | D:14     | Bought a phial of floods for 400 gold pieces
 51924 | D:14     | Reached skill level 10 in Polearms
 51929 | D:14     | Noticed dorian's ghost (journeyman OgHu)
 51939 | D:14     | Killed dorian's ghost
 51939 | D:14     | Reached ****** piety under Vehumet
 52163 | D:14     | Found Hicifuts's Book Emporium.
 52508 | D:15     | Entered Level 15 of the Dungeon
 52512 | D:15     | Noticed Kirke
 52898 | D:15     | Reached skill level 5 in Evocations
 53248 | D:15     | Found Buhank's Jewellery Boutique.
 53255 | D:15     | Reached skill level 1 in Shields
 53272 | D:15     | Noticed a sphinx
 53273 | D:15     | Killed Kirke
 53398 | D:15     | Bought an uncursed amulet of regeneration for 480 gold pieces
 53398 | D:15     | Bought an uncursed amulet of resist corrosion for 320 gold pieces
 53618 | D:15     | Reached XP level 17. HP: 102/109 MP: 34/37
 53988 | D:15     | Found a staircase to the Depths.
 54050 | D:15     | Noticed Sonja
 54054 | D:15     | Killed Sonja
 54054 | D:15     | Reached skill level 5 in Shields
 54725 | D:15     | Offered knowledge of Fire Storm by Vehumet.
 54725 | D:15     | Offered knowledge of Glaciate by Vehumet.
 54725 | D:15     | Offered knowledge of Chain Lightning by Vehumet.
 55052 | Lair:2   | Learned a level 5 spell: Venom Bolt
 55057 | Lair:2   | Learned a level 4 spell: Olgreb's Toxic Radiance
 55162 | Spider:1 | Entered Level 1 of the Spider Nest
 56005 | Spider:1 | Reached skill level 10 in Fighting
 56240 | Spider:2 | Noticed emiel's ghost (journeyman MfNe)
 56244 | Spider:2 | Killed emiel's ghost
 56617 | Spider:2 | Got a slimy falchion
 56618 | Spider:2 | Identified the cursed +1 falchion "Luihumux" {freeze, rPois MP+9 Stlth+} (You found it on level 2 of the Spider Nest)
 57611 | Spider:2 | Upgraded the game from 0.17.0-15-g6d90897 to 0.17.0-18-gaab0e96
 58868 | Lair:6   | Killed an azure jelly
 58975 | Shoals:1 | Entered Level 1 of the Shoals
 59310 | Shoals:1 | Found Ywkeu's Antique Weapon Shoppe.
 60117 | Shoals:1 | Reached XP level 18. HP: 124/124 MP: 38/38
 62120 | Shoals:3 | Identified a scroll of acquirement
 62571 | Shoals:3 | Learned a level 2 spell: Stoneskin
 63186 | Shoals:3 | Reached skill level 1 in Transmutations
 63489 | Shoals:4 | Entered Level 4 of the Shoals
 63489 | Shoals:4 | Found Xontuefi's Antique Armour Boutique.
 63798 | Shoals:4 | Noticed puimuR's ghost (journeyman DsBe)
 63807 | Shoals:4 | Killed puimuR's ghost
 64187 | Shoals:4 | Noticed Ilsuiw
 65450 | Shoals:4 | Killed Ilsuiw
 66193 | Shoals:4 | Got a barnacled rune of Zot
 66926 | Spider:3 | Upgraded the game from 0.17.0-18-gaab0e96 to 0.17.0-22-g5edae84
 67154 | Spider:4 | Entered Level 4 of the Spider Nest
 67190 | Spider:3 | Reached XP level 19. HP: 131/131 MP: 33/39
 67730 | Spider:4 | Reached skill level 10 in Evocations
 68036 | Spider:4 | Noticed puimuR's ghost (journeyman DsBe)
 68045 | Spider:4 | Killed puimuR's ghost
 69611 | Spider:4 | Got a gossamer rune of Zot
 69965 | Elf:1    | Entered Level 1 of the Elven Halls
 70172 | Elf:1    | Reached skill level 5 in Transmutations
 70607 | Elf:1    | Reached skill level 5 in Earth Magic
 71712 | Elf:2    | Found a runed gate.
 71712 | Elf:2    | Found a runed gate.
 71715 | Elf:2    | Found a runed gate.
 71772 | Elf:3    | Entered Level 3 of the Elven Halls
 72437 | Lair:2   | Learned a level 6 spell: Statue Form
 72526 | Vaults:1 | Entered Level 1 of the Vaults
 73085 | Vaults:1 | Reached XP level 20. HP: 110/140 MP: 40/40
 73719 | Vaults:1 | Got a twisted shortbow
 73720 | Vaults:1 | Identified the +8 shortbow of the Genius {freeze, rF- rN+ Str-2 Dex+9} (You took it off a vault sentinel on level 1 of the Vaults)
 75147 | Vaults:2 | Noticed Jorgrun
 75153 | Vaults:2 | Killed Jorgrun
 75303 | Vaults:2 | Found Kuf Uwk's Jewellery Shop.
 76017 | Vaults:2 | Found Mylish's Antique Weapon Shoppe.
 76446 | Vaults:2 | Found Weywi's Book Boutique.
 76459 | Vaults:2 | Found Teit Haz's Book Boutique.
 77065 | Vaults:3 | Noticed Donald
 77072 | Vaults:3 | Killed Donald
 77309 | Vaults:3 | Found a staircase to the Crypt.
 77332 | Vaults:3 | Reached skill level 5 in Charms
 77813 | Vaults:3 | Noticed Mara
 77886 | Vaults:3 | Noticed Asterion
 78230 | Vaults:3 | Found Fedueton's Food Boutique.
 78281 | Vaults:3 | Noticed hannobal's illusion
 78290 | Vaults:2 | Reached XP level 21. HP: 43/148 MP: 15/41
 78540 | Vaults:3 | Killed Asterion
 78774 | Vaults:3 | Noticed hannobal's illusion
 79370 | Vaults:3 | Noticed hannobal's illusion
 79660 | Depths:1 | Entered Level 1 of the Depths
 79660 | Depths:1 | Found a gateway to a ziggurat.
 79661 | Depths:1 | Upgraded the game from 0.17.0-22-g5edae84 to 0.17.0-23-g0de4337
 80149 | Depths:1 | Got a brightly glowing jade ring
 80150 | Depths:1 | Identified the ring of Kitochem {+Fly rN+ Int-2 Dex+3 Stlth+} (You found it on level 1 of the Depths)
 80876 | Depths:1 | Found a one-way gate leading to the halls of Pandemonium.
 81558 | Vaults:2 | Bought a book of Enchantments for 800 gold pieces
 81790 | Depths:1 | Found a gateway to Hell.
 82123 | Depths:2 | Noticed a caustic shrike
 82133 | Depths:2 | Killed a caustic shrike
 82364 | Depths:2 | Learned a level 6 spell: Haste
 82546 | Depths:2 | Gained mutation: Your spells are a little easier to cast, but a little less powerful. [a shining eye]
 82548 | Depths:2 | Gained mutation: You are dopey. (Int -2) [a shining eye]
 82701 | Depths:2 | Found a portal to a secret trove of treasure.
 83450 | Vaults:2 | Bought an uncursed amulet of resist mutation for 600 gold pieces
 83594 | D:15     | Lost mutation: Your spells are a little easier to cast, but a little less powerful. [potion of cure mutation]
 83594 | D:15     | Lost mutation: You are dopey. (Int -2) [potion of cure mutation]
 83697 | Depths:2 | Found Liemaast's Weapon Shoppe.
 83790 | Depths:2 | Reached skill level 17 in Spellcasting
 84068 | Depths:2 | Got a crude short sword
 84069 | Depths:2 | Identified the +6 short sword of the Unspeakable One {pierce, Int+4} (You found it on level 2 of the Depths)
 84211 | Depths:3 | Reached skill level 1 in Short Blades
 84239 | Depths:3 | Paralysed by a great orb of eyes for 3 turns
 84473 | Depths:3 | Reached XP level 22. HP: 154/154 MP: 43/43
 85225 | Depths:3 | Reached skill level 15 in Dodging
 86264 | Depths:3 | Reached skill level 15 in Fighting
 86384 | Depths:4 | Noticed Boris
 86397 | Depths:3 | Killed Boris
 86692 | Depths:4 | Found a one-way gate to the infinite horrors of the Abyss.
 87291 | Depths:4 | Reached skill level 10 in Shields
 87915 | Depths:4 | Identified the Incunabulum of Poisonous Aid
 87918 | Depths:4 | Learned a level 1 spell: Apportation
 87924 | Depths:4 | Got a smoking battleaxe
 87925 | Depths:4 | Identified the +8 battleaxe of Hospitality {chop, rElec rC- Str+2} (You found it on level 4 of the Depths)
 87931 | Depths:4 | Got a smoking greatsling
 87932 | Depths:4 | Identified the cursed +1 greatsling "Killer Bee's Curse" {freeze, MP+9 Int+4 SInv} (You found it on level 4 of the Depths)
 87958 | Depths:4 | Identified Luciud's Compendium of Battle Magic
 88338 | Depths:5 | Entered Level 5 of the Depths
 88385 | Depths:4 | Reached XP level 23. HP: 132/161 MP: 31/44
 88657 | Depths:5 | Noticed Frederick
 88661 | Depths:5 | Noticed Xtahua
 88679 | Depths:4 | Killed Frederick
 88782 | Depths:4 | Killed Xtahua
 89367 | Depths:5 | Paralysed by a great orb of eyes for 5 turns
 89470 | Depths:5 | Noticed Sojobo
 89483 | Depths:4 | Killed Sojobo
 90428 | Depths:5 | Found a gate to the Realm of Zot.
 90752 | Depths:5 | Reached skill level 15 in Shields
 92696 | Slime:1  | Entered Level 1 of the Pits of Slime
 93092 | Slime:6  | Entered Level 6 of the Pits of Slime
 93328 | Slime:5  | Reached XP level 24. HP: 113/169 MP: 36/44
 93421 | Slime:6  | HP: 5/169 [acid blob (30)]
 93428 | Slime:5  | HP: 3/169 [acid (8)]
 94856 | Vaults:4 | Reached skill level 15 in Evocations
 95231 | Vaults:5 | Entered Level 5 of the Vaults
 95573 | Vaults:4 | Reached skill level 10 in Earth Magic
 96065 | Vaults:5 | Reached skill level 10 in Charms
 96176 | Vaults:5 | Noticed an ancient lich
 96187 | Vaults:5 | HP: 4/169 [cloud of freezing vapour (9)]
 96204 | Vaults:5 | HP: 8/219 [sphinx/divine providence (13)]
 96352 | Vaults:5 | Reached XP level 25. HP: 94/174 MP: 38/44
 96573 | Vaults:5 | Killed an ancient lich
 96804 | Vaults:5 | Killed from afar by a deep elf death mage

Action                   |  1- 3 |  4- 6 |  7- 9 | 10-12 | 13-15 | 16-18 | 19-21 | 22-24 | 25-27 || total
-------------------------+-------+-------+-------+-------+-------+-------+-------+-------+-------++-------
Melee: Unarmed           |     7 |       |       |       |       |       |       |       |       ||     7
       Dagger            |     8 |     3 |       |     1 |       |       |       |       |       ||    12
       Flail             |       |       |     3 |    48 |   146 |   201 |       |       |       ||   398
       Trident           |       |       |       |    15 |   171 |   364 |       |       |       ||   550
       Staff             |       |       |       |       |     1 |       |     9 |       |       ||    10
       Falchion          |       |       |       |       |       |     3 |       |       |       ||     3
       Demon trident     |       |       |       |       |       |    34 |  1138 |   994 |    52 ||  2218
       Short sword       |       |       |       |       |       |       |     2 |     2 |       ||     4
 Fire: Hunting sling     |     4 |     4 |     2 |       |       |       |       |       |       ||    10
       Shortbow          |       |       |     4 |       |       |       |       |       |       ||     4
       Blowgun           |       |       |       |       |       |    14 |       |       |       ||    14
Throw: Tomahawk          |       |       |       |    27 |    62 |    71 |       |       |       ||   160
       Stone             |       |       |       |     4 |       |       |       |       |       ||     4
       Javelin           |       |       |       |       |    26 |    76 |   105 |    55 |       ||   262
 Cast: Magic Dart        |    84 |   190 |   379 |   601 |       |       |       |       |       ||  1254
       Repel Missiles    |     3 |       |       |     5 |     2 |     6 |     6 |     8 |       ||    30
       Call Imp          |     2 |     5 |       |       |     2 |       |       |       |       ||     9
       Mephitic Cloud    |       |     9 |    32 |    58 |    12 |       |       |       |       ||   111
       Blink             |       |     1 |       |       |    10 |     2 |     3 |    21 |     5 ||    42
       Conjure Flame     |       |       |    19 |    53 |    44 |    85 |    49 |    20 |     3 ||   273
       Throw Frost       |       |       |       |     3 |       |       |       |       |       ||     3
       Iskenderun's Myst |       |       |       |   302 |   630 |   215 |    62 |    16 |     2 ||  1227
       Sticky Flame      |       |       |       |    13 |   162 |    68 |   115 |    60 |     9 ||   427
       Bolt of Draining  |       |       |       |       |    48 |    25 |       |       |       ||    73
       Iron Shot         |       |       |       |       |    11 |    39 |    65 |    40 |     6 ||   161
       Freezing Cloud    |       |       |       |       |       |   239 |   110 |   115 |     7 ||   471
       Orb of Destructio |       |       |       |       |       |    69 |    50 |    76 |    10 ||   205
       Olgreb's Toxic Ra |       |       |       |       |       |    15 |       |       |       ||    15
       Venom Bolt        |       |       |       |       |       |    38 |    54 |    13 |     3 ||   108
       Stoneskin         |       |       |       |       |       |    13 |    82 |    89 |     5 ||   189
       Statue Form       |       |       |       |       |       |       |    16 |    61 |     5 ||    82
       Haste             |       |       |       |       |       |       |     4 |    18 |     3 ||    25
       Apportation       |       |       |       |       |       |       |       |     1 |       ||     1
 Abil: Evoke Teleportati |       |       |       |       |       |       |       |     5 |       ||     5
Evoke: Wand              |       |     1 |     2 |     7 |     6 |     3 |     5 |     2 |       ||    26
       Rod               |       |       |       |       |       |     1 |       |       |       ||     1
       Stone of tremors  |       |       |       |       |       |     1 |       |       |       ||     1
       Phial of floods   |       |       |       |       |       |     1 |     1 |     3 |       ||     5
       Staff of Wucad Mu |       |       |       |       |       |       |       |     4 |    10 ||    14
       Fan of gales      |       |       |       |       |       |       |       |     1 |       ||     1
  Use: Scroll            |     8 |     2 |     6 |    12 |    10 |    25 |    14 |    10 |     2 ||    89
       Potion            |     4 |     3 |       |     1 |     2 |     3 |     9 |    13 |       ||    35
 Stab: Sleeping          |       |       |       |     1 |     7 |     5 |    18 |     6 |       ||    37
       Confused          |       |       |       |     1 |     1 |       |       |       |       ||     2
       Distracted        |       |       |       |     1 |       |     2 |     6 |     4 |       ||    13
  Eat: Chunk             |     2 |    11 |    10 |    32 |    32 |    75 |    80 |    63 |       ||   305
       Royal jelly       |     1 |       |       |     3 |    13 |     3 |     2 |     1 |       ||    23
       Pizza             |       |     1 |     2 |     1 |     3 |     2 |     1 |       |       ||    10
       Beef jerky        |       |       |     3 |       |       |     3 |     3 |       |       ||     9
       Fruit             |       |       |       |     3 |     1 |     4 |     3 |     3 |       ||    14
       Bread ration      |       |       |       |       |     1 |    11 |     2 |     4 |       ||    18
       Meat ration       |       |       |       |       |       |       |     2 |     1 |     2 ||     5
